 Dungeon Crawl Stone Soup version 0.29.1-15-g9cfb28693d (webtiles) character file.

Game seed: 4778676757621337348

176900 Silencio the Invulnerable (level 18, 0/176 HPs)
             Began as a Hill Orc Abyssal Knight on Feb 26, 2023.
             Was the Champion of Lugonu.
             Killed from afar by an acid blob (10 damage)
             ... with a splash of acid
             ... on level 3 of the Pits of Slime.
             The game lasted 01:53:19 (37207 turns).

Silencio the Invulnerable (HOAK)                   Turns: 37207, Time: 01:53:20

Health: 0/176      AC: 10    Str: 31    XL:     18   Next: 15%
Magic:  18/19      EV:  9    Int:  8    God:    Lugonu [******]
Gold:   846        SH: 13    Dex: 11    Spells: 17/17 levels left

rFire   + + .      SeeInvis .   o - +8 broad axe (distort)
rCold   + + .      Faith    .   n - +4 kite shield of Agoraphobia {rPois Regen+ Int+3}
rNeg    + . .      Spirit   .   I - +5 chain mail of the Black Moon {Regen+}
rPois   +          Reflect  .   H - +1 helmet of Terror {Str+7 Int-5 Slay+3}
rElec   +          Harm     .   L - +2 cloak
rCorr   +          Rampage  .   (no gloves)
Will    +....                   (no boots)
Stlth   ..........              E - amulet of regeneration
HPRegen 2.79/turn               k - ring of Lalastal {Wiz rF+ rC+ rN+}
MPRegen 0.16/turn               U - +4 ring of protection

@: resistant, corroded, studying Short Blades
A: deterioration 1
a: Renounce Religion, Depart the Abyss, Bend Space, Banish, Corrupt, Enter the
Abyss, Brand Weapon With Distortion


You were on level 3 of the Pits of Slime.
You worshipped Lugonu.
Lugonu was exalted by your worship.
You visited 5 branches of the dungeon, and saw 25 of its levels.
You visited the Abyss 6 times.

You collected 2593 gold pieces.
You spent 1747 gold pieces at shops.

Inventory:

Hand Weapons
 o - a +8 broad axe of distortion (weapon)
Missiles
 u - 11 curare-tipped darts
 A - 42 poisoned darts (quivered)
 X - 3 throwing nets
Armour
 n - the +4 kite shield of Agoraphobia (worn) {rPois Regen+ Int+3}
   (You acquired it on level 2 of the Elven Halls)

   Int:       It affects your intelligence (+3).
   rPois:     It protects you from poison.
   Regen:     It increases your rate of health regeneration.
 z - a +2 helmet
 H - the +1 helmet of Terror (worn) {Str+7 Int-5 Slay+3}
   (You found it on level 3 of the Elven Halls)

   Str:       It affects your strength (+7).
   Int:       It affects your intelligence (-5).
   Slay:      It affects your accuracy & damage with ranged weapons and melee
   (+3).
 I - the +5 chain mail of the Black Moon (worn) {Regen+}
   (You found it on level 3 of the Elven Halls)

   Regen:     It increases your rate of health regeneration.
 L - a +2 cloak (worn)
 R - the +7 Kryia's mail coat {PotionHeal*2 rC+}
   (You found it on level 9 of the Dungeon)

   Potions are twice as effective at healing its wearer.
   rC:        It protects you from cold.
Jewellery
 i - the ring of Pupakiwi {Fire Drain Str+7}
   (You took it off a deep elf demonologist on level 3 of the Elven Halls)

   [ring of fire]

   It enhances your fire magic.
   Str:       It affects your strength (+7).
   rF:        It protects you from fire.
   rC:        It makes you vulnerable to cold.
   Drain:     It drains your maximum health when unequipped.
 k - the ring of Lalastal (left hand) {Wiz rF+ rC+ rN+}
   (You found it on level 3 of the Elven Halls)

   [ring of wizardry]

   It improves your spell success rate.
   rF:        It protects you from fire.
   rC:        It protects you from cold.
   rN:        It protects you from negative energy.
 w - an amulet of faith
 y - a ring of see invisible
 D - a +6 ring of strength
 E - an amulet of regeneration (around neck)
 F - a ring of poison resistance
 J - the ring "Irhaen" {Wiz Int+3}
   (You acquired it on level 7 of the Dungeon)

   [ring of wizardry]

   It improves your spell success rate.
   Int:       It affects your intelligence (+3).
 P - a +6 ring of strength
 U - a +4 ring of protection (right hand)
Wands
 a - a wand of light (11)
 p - a wand of polymorph (9)
 B - a wand of roots (25)
 K - a wand of digging (12)
 M - a wand of paralysis (28)
 W - a wand of flame (31)
Scrolls
 c - 2 scrolls of enchant weapon
 e - 2 scrolls of poison
 m - 5 scrolls of identify
 r - 3 scrolls of immolation
 x - 7 scrolls of teleportation
 G - 6 scrolls of fear
 O - 2 scrolls of brand weapon
 T - 3 scrolls of enchant armour
Potions
 b - 2 potions of might
 d - 2 potions of mutation
 g - 4 potions of cancellation
 h - 7 potions of haste
 j - a potion of invisibility
 l - 5 potions of lignification
 s - 2 potions of curing
 t - 5 potions of berserk rage
 N - a potion of experience
 Y - 7 potions of flight
 Z - a potion of resistance
Miscellaneous
 f - a box of beasts
 q - a piece from Xom's chessboard (15/15)
 v - a phial of floods
 S - a lightning rod (4/4)


   Skills:
 - Level 19.0 Fighting
 - Level 18.0 Axes
 O Level 27 Armour
 - Level 0.9 Dodging
 * Level 6.5 Shields
 - Level 2.6 Invocations


You had 17 spell levels left.
You didn't know any spells.
Your spell library contained the following spells:

 Spells                   Type           Power      Damage    Failure   Level
 Freeze                   Ice            0%         1d3       63%         1
 Magic Dart               Conj           0%         1d3       63%         1
 Shock                    Conj/Air       0%         1d3       63%         1
 Sting                    Tmut/Pois      0%         1d3       63%         1
 Ensorcelled Hibernation  Hex/Ice        0%         N/A       77%         2
 Poisonous Vapours        Pois/Air       0%         N/A       77%         2
 Searing Ray              Conj           0%         2d4       77%         2
 Sublimation of Blood     Necr           0%         N/A       77%         2
 Wereblood                Tmut           0%         N/A       77%         2
 Conjure Flame            Conj/Fire      0%         6-21      92%         3
 Frozen Ramparts          Ice            0%         1d1       92%         3
 Gell's Gravitas          Tloc           0%         N/A       92%         3
 Lesser Beckoning         Tloc           0%         N/A       92%         3
 Mephitic Cloud           Conj/Pois/Air  0%         N/A       92%         3
 Ozocubu's Armour         Ice            0%         N/A       92%         3
 Stone Arrow              Conj/Erth      0%         3d7       92%         3
 Swiftness                Air            0%         N/A       92%         3
 Teleport Other           Tloc           0%         N/A       92%         3
 Tukima's Dance           Hex            0%         N/A       92%         3
 Airstrike                Air            0%         2d(0-16)  100%        4
 Animate Armour           Summ/Erth      0%         N/A       100%        4
 Corpse Rot               Necr/Pois/Air  0%         N/A       100%        4
 Flame Wave               Conj/Fire      0%         2d4       100%        4
 Fulminant Prism          Conj/Hex       0%         3d6       100%        4
 Hailstorm                Conj/Ice       0%         3d3       100%        4
 Olgreb's Toxic Radiance  Pois           0%         N/A       100%        4
 Petrify                  Tmut/Erth      0%         N/A       100%        4
 Alistair's Intoxication  Tmut/Pois      0%         N/A       100%        5
 Blade Hands              Tmut           0%         N/A       100%        5
 Borgnjor's Vile Clutch   Necr/Erth      0%         N/A       100%        5
 Freezing Cloud           Conj/Ice/Air   0%         6-21      100%        5
 Metabolic Englaciation   Hex/Ice        0%         N/A       100%        5
 Dispersal                Tloc           0%         N/A       100%        6
 Eringya's Noxious Bog    Tmut/Pois      0%         N/A       100%        6
 Iron Shot                Conj/Erth      0%         9d1       100%        6
 Simulacrum               Ice/Necr       0%         N/A       100%        6
 Statue Form              Tmut/Erth      0%         N/A       100%        6
 Ozocubu's Refrigeration  Ice            0%         4d7       100%        7
 Summon Hydra             Summ           0%         N/A       100%        7
 Borgnjor's Revivificati  Necr           0%         N/A       100%        8
 Lehudib's Crystal Spear  Conj/Erth      0%         10d2      100%        8
 Necromutation            Tmut/Necr      0%         N/A       100%        8
 Death's Door             Necr           0%         N/A       100%        9
 Fire Storm               Conj/Fire      0%         5d1       100%        9
 Polar Vortex             Ice            0%         N/A       100%        9


Dungeon Overview and Level Annotations

Branches:
Dungeon (12/15)            Temple (0/1) D:7            Lair (5/5) D:8
  Swamp (0/4) Lair:3       Spider (0/4) Lair:3        Slime (3/5) Lair:5
    Orc (2/2) D:11            Elf (3/3) Orc:2

Altars:
Ashenzari
Cheibriados
Dithmenos
Elyvilon
Gozag
Kikubaaqudgha
Makhleb
Nemelex Xobeh
Okawaru
Qazlal
Trog
Uskayaw
Vehumet
Xom
Yredelemnul
Zin
The Shining One
Beogh

Shops:
D:7 ??(((   D:8 [   Orc:1 (   Orc:2 [(:*   Elf:3 !

Annotations:
D:4 3 runed translucent doors, BabyfaceFinlayson's ghost, amateur MfTm; vvl's ghost, amateur DsEE
D:6 1 runed translucent door, Crazy Yiuf
D:9 1 runed translucent door
D:11 2 runed translucent doors, Quickbrownfox's ghost, journeyman DsIE
Lair:2 exclusion: oklob plant
Lair:3 exclusion: 2 oklob plants
Elf:3 corrupted
Abyss:1 Duvessa; Rupert; daba11's ghost, journeyman MiFi


Innate Abilities, Weirdness & Mutations

Your body sometimes deteriorates upon taking damage.


Message History

The splash of acid hits you! You resist.
* * * LOW HITPOINT WARNING * * *
The acid corrodes you! The acid blob closely misses you.
You feel better. The acid blob spits acid at you. The splash of acid hits you!
You resist.
* * * LOW HITPOINT WARNING * * *
Blink to where?
Press: ? - help, Q - select action, (/) - cycle Dir - move target, p - acid blob
As you read the scroll of blinking, it crumbles to dust.
You climb downwards.
The acid blob quivers.
The eye of devastation turns its gaze towards you.
The acid blob spits acid at you. The splash of acid hits you! You resist.
* * * LOW HITPOINT WARNING * * *
Found a stone staircase leading down.
There is a stone staircase leading up here.
Blink to where?
Press: ? - help, Q - select action, (/) - cycle Dir - move target 8 slime creatures come into view.
As you read the scroll of blinking, it crumbles to dust.
The slime creature quivers. x5
The slime creature moves out of view.
An acid blob comes into view.
The acid blob quivers.
You fail to use your ability.
Two slime creatures merge to form a large slime creature.
Space bends violently around you!
You blink.
The slime creature quivers. x2
The acid blob spits acid at you. The splash of acid hits you. You resist.
* * * LOW HITPOINT WARNING * * *
You are too injured to fight recklessly!
You slice the acid blob!!
Space warps around the acid blob.
Your hands burn!
* * * LOW HITPOINT WARNING * * *
The acid blob is moderately wounded.
The acid blob spits acid at you. The splash of acid hits you! You resist.
You die...

.........#....#
.....J.....J....
....#.#.##.J....
#.G....## ##....
#.....## .....## ##
......# .....##.##
.....## ##.##J......##
.....# #....#.......##
......# #....J@......#
..##...###..JJ.........#
.. ..##.#J..J...#.#..##
.. #.##...#J........###
....#......JJ....# ##
.........ยง......#
......#..........#
.#...##.........##
.#..............#


You could see an acid blob, a large slime creature and 9 slime creatures.

Vanquished Creatures
  2 deep elf blademasters (Elf:3)
  2 deep elf master archers
  An acid blob (Slime:2)
  2 azure jellies (Slime:1)
  A deep elf sorcerer (Elf:3)
  An orc warlord (Orc:2)
  2 deep elf elementalists
  2 deep elf annihilators
  4 deep elf demonologists
  6 deep elf death magi
  2 boulder beetles
  A deep elf high priest (Elf:3)
  3 hydras
  7 two-headed ogres
  26 dancing weapons
  6 death yaks
  An orc high priest (Elf:3)
  Sonja (Lair:2)
  20 deep elf knights
  Pikel (D:4)
  A lindwurm (Lair:5)
  12 deep elf archers
  2 orc knights (Orc:2)
  An ugly thing (Abyss:2)
  30 deep elf pyromancers
  28 deep elf zephyrmancers
  A wolf spider (D:12)
  A manticore (D:12)
  5 orc sorcerers (Orc:2)
  2 cyclopes
  13 elephants
  3 black mambas
  Joseph (D:7)
  18 cane toads
  Maggie (D:7)
  3 torpor snails
  4 gargoyles
  An unseen horror (D:12)
  A kobold demonologist (D:12)
  3 komodo dragons
  4 rime drakes
  2 polar bears (Lair:5)
  4 hornets
  5 tyrant leeches
  5 trolls
  14 dream sheep
  21 blink frogs
  32 slime creatures
  9 air elementals
  6 water elementals
  2 wraiths
  6 shadows
  A spriggan (Lair:1)
  3 vampires (D:12)
  10 fire elementals
  66 yaks
  5 basilisks
  2 wyverns (Lair:2)
  A steam dragon (D:7)
  7 vampire mosquitoes
  2 acid dragons
  14 water moccasins
  22 orc warriors
  2 black bears
  3 sky beasts
  4 ogres
  19 wolves
  16 centaurs
  4 phantoms
  2 lemures (D:4)
  5 kobold brigands
  15 bullfrogs
  Blork the orc (D:5)
  A necrophage (D:7)
  A gnoll sergeant (D:12)
  7 earth elementals
  4 scorpions
  Dowan (D:7)
  2 troll zombies (D:11)
  22 killer bees
  7 howler monkeys
  2 electric eels
  6 hounds
  2 jellies
  9 orc priests
  2 gnoll boudas
  3 iguanas (D:4)
  15 orc wizards
  Ijyb (D:5)
  4 ogre zombies (D:11)
  16 gnolls
  10 adders
  A river rat (Lair:3)
  2 ufetubi
  A worm (D:4)
  5 dart slugs
  44 orcs
  5 ball pythons
  9 endoplasms
  2 giant cockroaches
  8 goblins
  5 hobgoblins
  4 jackals (D:4)
  4 quokkas
  4 bats
  2 frilled lizards
  5 goblin zombies (D:11)
  A hobgoblin zombie (D:11)
  18 kobolds
  2 orc skeletons (D:11)
  11 orc zombies (D:11)
  5 rats
789 creatures vanquished.

Vanquished Creatures (others)
  The ghost of MacCMillion the Spry, a veteran OpSu of Gozag (Elf:3)
  2 deep elf sorcerers (Elf:3)
  2 deep elf elementalists (Elf:3)
  2 deep elf annihilators (Elf:3)
  2 deep elf high priests (Elf:3)
  A deep elf knight (Elf:1)
  A deep elf zephyrmancer (Elf:2)
  An orc priest (Orc:2)
  39 fungi
  91 plants
  4 starspawn tentacles (Elf:3)
146 creatures vanquished.

Grand Total: 935 creatures vanquished

Notes
Turn   | Place    | Note
-------+----------+-------------------------------------------
     0 | Abyss:1  | Silencio the Hill Orc Abyssal Knight began the quest for
                  | the Orb.
     0 | Abyss:1  | Reached XP level 1. HP: 19/19 MP: 2/2
     1 | D:1      | Escaped the Abyss
   701 | D:1      | Reached XP level 2. HP: 23/27 MP: 3/3
  1738 | D:1      | Found a faded altar of an unknown god.
  2108 | D:2      | Reached XP level 3. HP: 33/33 MP: 4/4
  2793 | D:2      | Reached skill level 5 in Axes
  3318 | D:3      | Reached XP level 4. HP: 36/40 MP: 5/5
  3371 | D:3      | Reached *** piety under Lugonu
  3654 | D:3      | Found an opulent altar of Gozag.
  3904 | D:4      | Reached XP level 5. HP: 13/46 MP: 6/6
  4549 | D:3      | Found a basalt altar of Yredelemnul.
  4969 | D:3      | Found a bloodstained altar of Trog.
  6208 | D:4      | Reached XP level 6. HP: 46/52 MP: 7/7
  6352 | D:4      | Identified the +3 chain mail of the Griffon {*Slow +Blink
                  | Regen+ rCorr}
  6804 | D:4      | Found a runed translucent gate.
  6805 | D:4      | Found a runed translucent gate.
  6806 | D:4      | Found a runed translucent gate.
  6807 | D:4      | Noticed BabyfaceFinlayson's ghost (amateur MfTm)
  6808 | D:4      | Noticed vvl's ghost (amateur DsEE)
  7165 | D:5      | Entered Level 5 of the Dungeon
  7165 | D:5      | Noticed Pikel
  7189 | D:5      | Noticed a water moccasin
  7238 | D:4      | Killed Pikel
  7239 | D:4      | Reached XP level 7. HP: 43/58 MP: 6/8
  7239 | D:4      | Reached XP level 8. HP: 49/66 MP: 6/9
  8067 | D:5      | Noticed Ijyb
  8077 | D:5      | Killed Ijyb
  8310 | D:5      | You fall into a shaft and drop 2 floors!
  8587 | D:7      | Noticed Maggie
  8613 | D:7      | Killed Maggie
  9167 | D:7      | Identified the +3 scale mail of the Game of Kings {Int+4}
  9239 | D:7      | Found Logy's Magic Scroll Shop.
  9248 | D:7      | Bought a scroll of identify for 28 gold pieces
  9248 | D:7      | Bought a scroll of enchant armour for 105 gold pieces
  9248 | D:7      | Bought a scroll of identify for 28 gold pieces
  9248 | D:7      | Bought a scroll of blinking for 105 gold pieces
  9248 | D:7      | Bought a scroll of identify for 28 gold pieces
  9254 | D:7      | Found a staircase to the Ecumenical Temple.
  9271 | D:7      | Noticed Duvessa
  9271 | D:7      | Noticed Dowan
  9279 | D:7      | Banished Duvessa
  9279 | D:7      | Killed Dowan
  9280 | D:7      | Reached XP level 9. HP: 61/71 MP: 10/10
  9396 | D:7      | Found Vuah's Weapon Shop.
  9404 | D:7      | Reached **** piety under Lugonu
  9405 | D:7      | Reached skill level 15 in Axes
  9457 | D:7      | Found Tuwifoc's Magic Scroll Shop.
  9775 | D:7      | Found a sacrificial altar of Ru.
  9777 | D:7      | Found a sparkling altar of Nemelex Xobeh.
  9777 | D:7      | Found a shimmering altar of Xom.
  9779 | D:7      | Found a burning altar of Makhleb.
  9779 | D:7      | Found a shimmering altar of Xom.
  9779 | D:7      | Found an iron altar of Okawaru.
  9858 | D:7      | Noticed Joseph
  9969 | D:7      | Killed Joseph
 10538 | D:7      | Found a faded altar of an unknown god.
 10538 | D:7      | Found a shadowy altar of Dithmenos.
 10546 | D:7      | Found a faded altar of an unknown god.
 10548 | D:7      | Found a snail-covered altar of Cheibriados.
 10550 | D:7      | Found a glowing golden altar of the Shining One.
 10673 | D:7      | Found Quptoh's Weapon Shoppe.
 10797 | D:7      | Found Romenead's Weapon Shoppe.
 10833 | D:6      | Noticed a +0 hand axe
 10833 | D:6      | Found a hide-covered altar of Uskayaw.
 10834 | D:6      | Noticed a +0 hand axe
 10949 | D:6      | Found a runed translucent door.
 10950 | D:6      | Noticed Crazy Yiuf
 11108 | D:6      | Found a broken altar of Ashenzari.
 11108 | D:6      | Noticed a hornet
 11115 | D:6      | Paralysed by a hornet for 1 turns
 11122 | D:6      | Killed a hornet
 11469 | D:6      | Reached XP level 10. HP: 78/78 MP: 11/11
 11654 | D:6      | Reached XP level 11. HP: 106/106 MP: 12/12
 11786 | D:5      | Found a glowing silver altar of Zin.
 11794 | D:5      | Noticed Blork the orc
 11803 | D:5      | Killed Blork the orc
 12117 | D:8      | Found Feavati's Armour Shop.
 12694 | D:8      | Noticed a two-headed hydra
 12698 | D:8      | Banished a five-headed hydra
 12737 | D:8      | Found a staircase to the Lair.
 12807 | D:8      | Noticed a two-headed ogre
 12843 | D:8      | Killed a two-headed ogre
 12994 | D:8      | Found a white marble altar of Elyvilon.
 13345 | D:9      | Reached ***** piety under Lugonu
 13795 | D:9      | Reached skill level 15 in Fighting
 13924 | D:9      | Noticed a two-headed ogre
 13946 | D:9      | Noticed a two-headed ogre
 13949 | D:9      | Killed a two-headed ogre
 13956 | D:9      | Killed a two-headed ogre
 13957 | D:9      | Reached XP level 12. HP: 87/122 MP: 13/13
 14025 | D:9      | Found a stormy altar of Qazlal.
 14036 | D:9      | Found a runed translucent door.
 14036 | D:9      | Noticed a two-headed ogre
 14304 | D:9      | Found the +7 Kryia's mail coat {PotionHeal*2 rC+}
 14866 | D:10     | Entered Level 10 of the Dungeon
 14885 | D:10     | Identified the +2 robe "Neckoxt" {Str+2}
 15025 | D:10     | Noticed a two-headed ogre
 15032 | D:10     | Killed a two-headed ogre
 15266 | D:10     | Noticed a two-headed ogre
 15280 | D:10     | Killed a two-headed ogre
 16648 | D:11     | Noticed a five-headed hydra
 16653 | D:11     | Killed a five-headed hydra
 16871 | D:11     | Found a runed translucent door.
 16874 | D:11     | Noticed a storm dragon
 16875 | D:11     | Noticed a lich
 16876 | D:11     | Noticed a yaktaur captain
 16876 | D:11     | Noticed Quickbrownfox's ghost (journeyman DsIE)
 16881 | D:11     | Found a runed translucent door.
 16943 | D:11     | Found a staircase to the Orcish Mines.
 16950 | D:11     | Reached skill level 3 in Armour
 17149 | D:11     | Reached skill level 4 in Armour
 17292 | D:11     | Found a radiant altar of Vehumet.
 17457 | D:11     | Reached skill level 5 in Armour
 17497 | D:11     | Reached XP level 13. HP: 133/137 MP: 14/14
 17608 | D:11     | Reached ****** piety under Lugonu
 17959 | D:8      | Bought the +0 kite shield of the Dice {Drain Str+6} for 203
                  | gold pieces
 18507 | D:12     | Reached skill level 6 in Armour
 18930 | D:12     | Identified the +0 war axe of Xom's Esteem {vorpal, Str+2}
 18941 | D:12     | Reached skill level 7 in Armour
 18993 | D:12     | Reached skill level 8 in Armour
 19043 | D:12     | Reached skill level 9 in Armour
 19337 | D:12     | Noticed Rupert
 19349 | D:12     | Banished Rupert
 19350 | D:12     | Reached skill level 10 in Armour
 19921 | D:12     | Reached skill level 11 in Armour
 20778 | Lair:1   | Entered Level 1 of the Lair of Beasts
 21217 | Lair:1   | Reached skill level 12 in Armour
 21773 | Lair:2   | Reached XP level 14. HP: 79/146 MP: 15/15
 22028 | Lair:2   | Reached skill level 13 in Armour
 22151 | Lair:2   | Reached skill level 14 in Armour
 22270 | Lair:2   | Noticed Sonja
 22278 | Lair:2   | Killed Sonja
 23258 | Lair:3   | Reached skill level 15 in Armour
 23848 | Lair:3   | Found a staircase to the Swamp.
 24218 | Lair:3   | Found a hole to the Spider Nest.
 24597 | Lair:4   | Reached skill level 16 in Armour
 25164 | Lair:5   | Entered Level 5 of the Lair of Beasts
 25211 | Lair:4   | Reached skill level 17 in Armour
 25211 | Lair:4   | Reached XP level 15. HP: 139/152 MP: 16/16
 25560 | Lair:5   | Found a staircase to the Slime Pits.
 25683 | Lair:5   | Reached skill level 18 in Armour
 26165 | Lair:5   | Found the +10 zealot's sword {holy, *Rage rN+ EV+3}
 26173 | Lair:5   | Identified the +1 ring mail "Hoir" {Int+3}
 26223 | Lair:5   | Reached skill level 19 in Armour
 26599 | D:7      | Bought a scroll of acquirement for 676 gold pieces
 26599 | D:7      | Acquired the ring "Irhaen" {Wiz Int+3}
 26766 | Orc:1    | Entered Level 1 of the Orcish Mines
 26775 | Orc:1    | Found Liec's Antique Weapon Shoppe.
 26902 | Orc:2    | Entered Level 2 of the Orcish Mines
 26902 | Orc:2    | Found a staircase to the Elven Halls.
 26951 | Orc:2    | Noticed daba11's ghost (journeyman MiFi)
 26953 | Orc:2    | Found a transporter.
 26956 | Orc:2    | Found a transporter.
 26964 | Orc:2    | Found a roughly hewn altar of Beogh.
 27082 | Orc:2    | Noticed an orc warlord
 27113 | Orc:2    | Banished an orc warlord
 27200 | Orc:2    | Reached skill level 1 in Shields
 27210 | Orc:2    | Found a roughly hewn altar of Beogh.
 27211 | Orc:2    | Noticed an orc warlord
 27223 | Orc:2    | Found Iniamm Fety's Book Shoppe.
 27237 | Orc:2    | Found Qiyhusas's Antique Armour Shoppe.
 27242 | Orc:2    | Killed an orc warlord
 27291 | Orc:2    | Found Uraucvif's General Store.
 27549 | Orc:2    | Found Zufil's Antique Weapon Shoppe.
 27803 | Orc:2    | Banished daba11's ghost
 27807 | Orc:2    | Paralysed by an orc sorcerer for 4 turns
 27816 | Orc:2    | Reached skill level 5 in Shields
 27868 | Elf:1    | Entered Level 1 of the Elven Halls
 27981 | Elf:1    | Paralysed by an air elemental for 1 turns
 27987 | Elf:1    | Paralysed by an air elemental for 1 turns
 28062 | Elf:1    | Reached skill level 20 in Armour
 28062 | Elf:1    | Reached XP level 16. HP: 146/160 MP: 17/17
 28253 | Elf:1    | HP: 8/160 [deep elf annihilator/iron shot (45)]
 28271 | Elf:1    | Reached skill level 21 in Armour
 29149 | Elf:1    | Got Vehumet's Compilation of Confrontation
 29264 | Elf:1    | Reached skill level 22 in Armour
 29719 | Elf:1    | Reached skill level 23 in Armour
 30685 | Abyss:2  | Cast into level 2 of the Abyss (a deep elf demonologist)
 30695 | Elf:2    | Escaped the Abyss
 30696 | Elf:2    | Noticed an Executioner
 30952 | Elf:2    | Acquired the +4 kite shield of Agoraphobia {rPois Regen+
                  | Int+3}
 31003 | Elf:2    | Paralysed by an air elemental for 1 turns
 31006 | Elf:2    | Paralysed by an air elemental for 1 turns
 31011 | Elf:2    | Paralysed by an air elemental for 1 turns
 31015 | Elf:2    | Paralysed by an air elemental for 1 turns
 31275 | Elf:2    | Reached skill level 24 in Armour
 31588 | Elf:2    | Found a runed translucent gate.
 31588 | Elf:2    | Found a runed translucent gate.
 31595 | Elf:2    | Found a runed translucent gate.
 31616 | Elf:2    | Reached XP level 17. HP: 166/167 MP: 18/18
 31646 | Abyss:2  | Cast into level 2 of the Abyss (a deep elf demonologist)
 31647 | Elf:2    | Escaped the Abyss
 31963 | Elf:2    | Reached skill level 25 in Armour
 33257 | Elf:3    | Entered Level 3 of the Elven Halls
 33780 | Elf:3    | Reached skill level 26 in Armour
 33939 | Elf:3    | Found an ancient bone altar of Kikubaaqudgha.
 34128 | Elf:3    | Found Puocul's Distillery.
 34138 | Elf:3    | Bought a potion of resistance for 140 gold pieces
 34138 | Elf:3    | Bought a potion of cancellation for 112 gold pieces
 34214 | Elf:3    | Bought a potion of curing for 42 gold pieces
 34214 | Elf:3    | Bought 2 potions of haste for 280 gold pieces
 34287 | Elf:3    | Noticed a deep elf blademaster
 34435 | Elf:3    | Killed a deep elf blademaster
 34565 | Abyss:2  | Cast into level 2 of the Abyss (a deep elf demonologist)
 34566 | Elf:3    | Escaped the Abyss
 34690 | Elf:3    | Noticed a deep elf blademaster
 34690 | Elf:3    | Identified the +4 great sword of Attainder {antimagic,
                  | rElec rC++ Will- Dex+4}
 34712 | Elf:3    | Killed a deep elf blademaster
 34715 | Elf:3    | Identified the +1 leather armour "Hoileh" {Rampage Str+5}
 34715 | Elf:3    | Identified the ring of Pupakiwi {Fire Drain Str+7}
 34905 | Elf:3    | Noticed a Hell Sentinel
 34906 | Elf:3    | Noticed a deep elf master archer
 34911 | Elf:3    | Identified the +5 chain mail of the Black Moon {Regen+}
 34911 | Elf:3    | Noticed a deep elf master archer
 35100 | Elf:3    | Corrupted Elf:3
 35100 | Elf:3    | Noticed MacCMillion's ghost (veteran OpSu)
 35100 | Elf:3    | Noticed a bone dragon
 35100 | Elf:3    | Noticed a tentacled starspawn
 35106 | Elf:2    | Killed a deep elf master archer
 35130 | Elf:3    | Killed a deep elf master archer
 35130 | Abyss:2  | Cast into level 2 of the Abyss (a deep elf sorcerer)
 35131 | Elf:3    | Escaped the Abyss
 35138 | Elf:3    | Killed MacCMillion's ghost
 35247 | Elf:3    | Identified the amulet "Odan Mogh" {Acrobat Int+4}
 35263 | Elf:3    | Noticed an Ice Fiend
 35264 | Elf:3    | Noticed an Ice Fiend
 35265 | Elf:3    | Noticed a Tzitzimitl
 35266 | Abyss:2  | Cast into level 2 of the Abyss (a deep elf demonologist)
 35271 | Elf:3    | Escaped the Abyss
 35280 | Elf:3    | Got Sif Muna's Cyclopedia of Transmogrification and the
                  | Birds
 35470 | Elf:3    | Noticed a Brimstone Fiend
 35631 | Elf:3    | Identified the +6 dagger of Oenomania {vorpal, Dex+6}
 35634 | Elf:3    | Identified the ring of Lalastal {Wiz rF+ rC+ rN+}
 35987 | Elf:3    | Got the Vademecum on Hexes and Malignant Liturgies
 36167 | Elf:3    | Got the Anthology of Outbursts
 36168 | Elf:3    | Identified the +1 helmet of Terror {Str+7 Int-5 Slay+3}
 36187 | Elf:3    | Identified the +5 arbalest of the Shining Light {venom,
                  | rElec rPois Str+3 Dex-5}
 36196 | Elf:3    | Identified the +0 hand axe of Vouk {elec, *Noise Fly rC-
                  | Str+9}
 36647 | Slime:1  | Entered Level 1 of the Pits of Slime
 36958 | Slime:1  | Reached XP level 18. HP: 168/168 MP: 19/19
 37028 | Slime:1  | Reached skill level 27 in Armour
 37047 | Slime:1  | You fall into a shaft and drop 1 floor!
 37188 | Slime:3  | Gained mutation: Your body sometimes deteriorates upon
                  | taking damage. [a shining eye]
 37197 | Slime:2  | HP: 6/176 [acid blob (34)]
 37197 | Slime:2  | HP: 2/176 [acid (4)]
 37202 | Slime:3  | HP: 4/176 [acid blob/splash of acid (12)]
 37207 | Slime:3  | HP: 8/176 [acid (2)]
 37207 | Slime:3  | Killed from afar by an acid blob

Illustrated notes

Levels and vault maps discovered:
D:1:      scummos_arrival_gate, layout_loops_ring,
          hellmonk_ecumenical_altar_inner_sanctum
D:2:      layout_loops_ring, minmay_misc_feat_x, serial_bayou_pond_d
D:3:      layout_rooms, nicolae_gozag_cash_rules_everything_around_me,
          mainiacjoe_overflow_six_doors_small, mainiacjoe_overflow_brackets
D:4:      layout_loops_corners, gammafunk_ghost_cemetery
D:5:      layout_rooms, mainiacjoe_overflow_concentric_impassable,
          dreamdust_gnoll_farm, uniq_ijyb, uniq_pikel, uniq_blork_the_orc
D:6:      layout_loops_cross, dancing_weapons_uskayaw,
          ashenzari_conservatory_becter, uniq_crazy_yiuf_cottage
D:7:      layout_loops_ring, doesnt_xom_only_xom,
          chequers_temple_overflow_minitemple, minmay_temple_entry_trees,
          serial_shops, nicolae_shop_behind_doors, kennysheep_mini,
          nicolae_lakefront_shop, shop, kennysheep_mini_moat, uniq_maggie,
          uniq_duvessa, uniq_joseph
D:8:      layout_loops_corners, nicolae_elyvilon_temple_path,
          grunt_lair_entry_orc_guard_hut, serial_shops, shop, serial_aquarium,
          aquarium_bridge_straight [aquarium_subvault_bridge,
          aquarium_subvault_wall, aquarium_subvault_bridge,
          aquarium_subvault_wall], aquarium_bridge_square
          [aquarium_subvault_bridge, aquarium_subvault_bridge,
          aquarium_subvault_wall, aquarium_subvault_window],
          aquarium_window_fake, aquarium_window_fake, aquarium_view_2d,
          aquarium_view_2b, aquarium_balcony_3a, hangedman_ranch
D:9:      minmay_opposing_rooms, layout_cave_pools,
          nicolae_qazlal_scattered_showers, minmay_st_funbox,
          minmay_starry_boxes
D:10:     nicolae_cairo_tiling_large_dashed, layout_long_grid,
          minmay_liquid_box, grunt_ministairs_15, glass_columns_c,
          kennysheep_generic_room_2
D:11:     layout_stronghold, zombieorc1_lemuel, muffindrake_ghost_dual_entry,
          nicolae_vehumet_altar_sigil
D:12:     minmay_big_diamond_grid, layout_basic, hangedman_decor_lopped,
          uniq_rupert
Lair:1:   layout_chaotic_city, grunt_forest_large_clearing_hut,
          grunt_megastairs_2, serial_bayou_shore_a, infiniplex_staircase_pool
Lair:2:   layout_gridlike, minivault_26, serial_bayou_shore_b,
          grunt_megastairs_5, uniq_sonja
Lair:3:   layout_cellular_growth, swamp_mist_pool, dummy_spider_entry, pond
Lair:4:   layout_gridlike, lemuel_fruit_tree
Lair:5:   minmay_lair_end_frog_pond, layout_misc_corridors,
          dpeg_slime_entry_enclosed, serial_rivers,
          chequers_serial_rivers_micro_b, chequers_serial_rivers_small_b,
          chequers_serial_rivers_micro_e, chequers_serial_rivers_micro_b,
          chequers_serial_rivers_room_b, chequers_serial_rivers_room_b
Slime:1:  layout_caves, nicolae_slime_phagocytosis
Slime:2:  layout_caves
Slime:3:  layout_caves
Orc:1:    layout_diamond_mine, serial_shops, shop
Orc:2:    grunt_orc_cross, layout_caves, gammafunk_ghost_arena, mines1_david
Elf:1:    minmay_the_grid_triangle_9x9_rhombus_thin
          [minmay_the_grid_triangle_9x9_sprig,
          minmay_the_grid_triangle_9x9_prize_top_heavy,
          minmay_the_grid_triangle_9x9_intruding_spiral,
          minmay_the_grid_triangle_9x9_thin_v], layout_geoelf_grid,
          mu_enter_wizlab_6, minmay_elf_annihilation, grunt_ministairs_9
Elf:2:    elven_hall_of_blades_hangedman_original [nicolae_blade_little_rooms],
          layout_loops_corners, nicolae_elf_loose_elemental_storage
Elf:3:    elf_hall, layout_geoelf_diagonals, ebering_ghost_reflecting_pool,
          serial_shops, nicolae_lakefront_shop, basic_altar

Skill      XL: |  1  2  3  4  5  6  7  8  9 10 11 12 13 14 15 16 17 18 |
---------------+-------------------------------------------------------+-----
Axes           | 3 4 5 6 7 11 14 17 18 | 18.0
Fighting       | 12 16 19 | 19.0
Armour         | 5 12 17 20 24 26 27 | 27.0
Shields        | 5 6 |  6.5
Dodging        | |  0.9
Invocations    | |  2.6

Action                   |  1- 3 |  4- 6 |  7- 9 | 10-12 | 13-15 | 16-18 || total
-------------------------+-------+-------+-------+-------+-------+-------++-------
Melee: Hand axe          |   122 |    52 |       |       |       |       ||   174
       War axe           |       |    90 |    45 |       |       |       ||   135
       Broad axe         |       |       |    66 |   289 |   755 |   716 ||  1826
Throw: Boomerang         |       |     2 |    12 |       |       |       ||    14
       Dart              |       |     7 |    31 |     6 |     9 |     7 ||    60
Invok: Bend Space        |       |     5 |     6 |       |       |     8 ||    19
       Depart the Abyss  |       |       |       |       |       |     5 ||     5
       Corrupt           |       |       |       |       |       |     1 ||     1
Evoke: Wand              |       |       |     1 |       |     1 |     5 ||     7
       Lightning rod     |       |       |       |     4 |       |     1 ||     5
  Use: Scroll            |     3 |       |     1 |    14 |    16 |    13 ||    47
       Potion            |       |     3 |     2 |     4 |    11 |    13 ||    33
 Stab: Invisible         |       |       |       |       |     6 |       ||     6
       Distracted        |       |       |       |       |       |     1 ||     1
Armor: Leather armour    |    21 |       |       |       |       |       ||    21
       Ring mail         |    18 |    24 |       |       |       |       ||    42
       Chain mail        |       |    38 |    61 |    84 |       |    37 ||   220
       Scale mail        |       |       |       |    43 |   571 |   337 ||   951
Dodge: Dodged            |    69 |    86 |    41 |   106 |   332 |   163 ||   797
Block: Kite shield       |       |       |       |       |   216 |   308 ||   524
